AoeStats
← Jordan

Oasis

509970944Analyzed
2v2 RM · 2d ago on Sep 28, 2026· 31m 8s· 4 players
Game mode
Random Map
Map size
Medium (4 player)
Population
200
Speed
Normal
Resources
Standard
Victory
Conquest
Starting age
Dark Age
Ending age
Imperial Age
RankedLock teamsTeams togetherTeam positionsShared explorationLock speedFull tech treeHidden civsTurbo modeCheats
Victory
Defeat
🇦🇷 Persians · Argentina
1051
+14
🇺🇸 Franks · United States
1031
+15
🇬🇧 Spanish · United Kingdom
1019
-15
🇧🇪 Britons · Belgium
1014
-14
Jordan
11:48 Feudal Age
16:39 Loom
16:42 Double-Bit Axe
Loki.
4:16 Loom
10:44 Feudal Age
12:29 Double-Bit Axe
18:55 Castle Age
18:11 Gold Mining
18:05 Horse Collar
18:20 Fletching
19:17 Padded Archer Armor
20:34 Bow Saw
20:35 Crossbowman
23:10 Ballistics
23:44 Bodkin Arrow
25:37 Gold Shaft Mining
25:45 Wheelbarrow
26:24 Leather Archer Armor
27:11 Town Watch
27:33 Pikeman
29:02 Forging
28:52 Scale Mail Armor
29:41 Squires
30:53 Iron Casting
theodb
4:21 Loom
9:28 Feudal Age
11:11 Wheelbarrow
13:07 Double-Bit Axe
18:14 Castle Age
16:27 Gold Mining
17:16 Scale Barding Armor
18:06 Forging
21:32 Bow Saw
25:34 Bow Saw
25:48 Hand Cart
25:58 Husbandry
26:31 Chain Barding Armor
26:50 Town Watch
30:14 Gold Shaft Mining
29:35 Stone Mining
DS_Mc. Patto
6:17 Loom
9:19 Feudal Age
10:06 Double-Bit Axe
10:51 Horse Collar
11:46 Town Watch
21:27 Castle Age
20:02 Wheelbarrow
20:09 Fletching
20:12 Gold Mining
21:54 Bodkin Arrow
21:20 Crossbowman
23:16 Bow Saw
29:39 Padded Archer Armor
30:23 Gold Shaft Mining
30:53 Scale Barding Armor
31:01 Bloodlines
30:51 Husbandry
Connection lost

Rejoining the realm…

Still unreachable

The connection could not be restored.

Session expired

The server has moved on; the page needs a fresh start.